 Dungeon Crawl Stone Soup version 0.23.2-40-g277498a (webtiles) character file.

Game seed: 11383337221157476190

9214 zhovat1 the Basher (level 11, -1/95 HPs)
             Began as a Minotaur Fighter on Aug 16, 2019.
             Was the Champion of Okawaru.
             Slain by an eight-headed hydra (9 damage)
             ... on level 11 of the Dungeon.
             The game lasted 00:10:59 (9661 turns).

zhovat1 the Basher (Minotaur Fighter)               Turns: 9661, Time: 00:11:00

Health: -1/95      AC: 13    Str: 24    XL:     11   Next: 20%
Magic:  14/14      EV: 12    Int:  5    God:    Okawaru [******]
Gold:   394        SH: 13    Dex: 10    Spells: 10/10 levels left

rFire    . . .     SeeInvis .   o - +4 mace (crush)
rCold    . . .     Gourm    .   c - +0 shield
rNeg     . . .     Faith    .   l - +2 ring mail {MR+}
rPois    .         Spirit   .   (helmet restricted)
rElec    .         Reflect  +   (no cloak)
rCorr    .         Harm     .   (no gloves)
MR       +....     Rnd*Rage +   y - +1 pair of boots
Stlth    ..........             h - +2 amulet of reflection
HPRegen  0.25/turn              g - ring of flight
MPRegen  0.14/turn              (no ring)

@: berserk cooldown, hasted, very quick
A: retaliatory headbutt, hooves 1, horns 2, yellow scales 1, berserk 2
a: Heroism, Finesse, Renounce Religion, Evoke Flight


You were on level 11 of the Dungeon.
You worshipped Okawaru.
Okawaru was exalted by your worship.
You were near starving.

You visited 1 branch of the dungeon, and saw 11 of its levels.

You collected 634 gold pieces.
You spent 240 gold pieces at shops.

Inventory:

Hand Weapons
 o - a +4 mace of crushing (weapon)
Armour
 c - a +0 shield (worn)
 l - a +2 ring mail of magic resistance (worn)
 w - a +0 ring mail of poison resistance
 y - a +1 pair of boots (worn)
Jewellery
 g - a ring of flight (left hand)
 h - a +2 amulet of reflection (around neck)
Wands
 a - a wand of iceblast (15)
 d - a wand of flame (12)
 m - a wand of polymorph (17)
 u - a wand of acid (8)
 x - a wand of disintegration (17)
Scrolls
 i - 3 scrolls of immolation
 j - 6 scrolls of remove curse
 r - 3 scrolls of fog
 s - 2 scrolls of teleportation
 t - 3 scrolls of identify
 v - a scroll of fear
Potions
 b - a potion of brilliance
 e - 2 potions of mutation
 n - a potion of flight
 p - 3 potions of lignification
 q - a potion of cancellation
Comestibles
 f - 17 rations


   Skills:
 + Level 8.3 Fighting
 * Level 10.9 Maces & Flails
 + Level 8.3 Armour
 + Level 6.6 Dodging
 + Level 8.4 Shields
 - Level 3.0 Unarmed Combat
 + Level 5.2 Invocations
 + Level 5.3 Evocations


You had 10 spell levels left.
You didn't know any spells.
Your spell library contained the following spells:

 Spells                   Type           Power        Failure   Level  Hunger
 Bolt of Magma            Conj/Fire/Erth #.........   100%        5    ######.
 Iskenderun's Battlesphe  Conj/Chrm      #.......     100%        5    ######.
 Venom Bolt               Conj/Pois      #.........   100%        5    ######.
 Iron Shot                Conj/Erth      #.........   100%        6    #######
 Orb of Destruction       Conj           #.........   100%        7    #######
 Spellforged Servitor     Conj/Summ      #.........   100%        7    #######


Dungeon Overview and Level Annotations

Branches:
Dungeon (11/15)            Temple (0/1) D:6             Orc (0/2) D:10
   Lair: D:8-11

Altars:
Elyvilon
Hepliaklqana
Makhleb
Nemelex Xobeh
Okawaru
Ru
Trog
Wu Jian
Beogh

Shops:
D:5 ![?(}   D:9 [


Innate Abilities, Weirdness & Mutations

You reflexively headbutt those who attack you in melee.
You have a pair of horns on your head.
You have large cloven feet.
You are partially covered in yellow scales. (AC +2)
You often lose your temper in combat.


Message History

The eight-headed hydra bites you!
* * * LOW HITPOINT WARNING * * *
The eight-headed hydra closely misses you.
You block the eight-headed hydra's attack.
The eight-headed hydra bites you but does no damage.
The eight-headed hydra bites you.
* * * LOW HITPOINT WARNING * * *
The eight-headed hydra bites you but does no damage.
The eight-headed hydra bites you.
* * * LOW HITPOINT WARNING * * *
The eight-headed hydra bites you but does no damage.
You feel yourself speed up.
You block the eight-headed hydra's attack. x2
The eight-headed hydra bites you but does no damage.
The eight-headed hydra bites you.
* * * LOW HITPOINT WARNING * * *
The eight-headed hydra closely misses you.
You block the eight-headed hydra's attack. x2
The eight-headed hydra bites you!
You die...

............).........
#............÷.......
#.........)).).......
#.....?..............
#....................
#...†................
#....................
#....................
#....@...............
#....9D..............
#.............
#............
#..##........ #..
#........ #..
#........ #. #........


You could see an eight-headed hydra and a gargoyle.

Vanquished Creatures
  Harold (D:9)
  A two-headed ogre (D:9)
  Erica (D:8)
  An ugly thing (D:11)
  Psyche (D:8)
  Maurice (D:8)
  A troll (D:10)
  Prince Ribbit (D:9)
  2 hippogriffs
  Eustachio (D:4)
  A human (D:9)
  2 vampires
  A yak (D:9)
  3 hogs (D:9)
  2 wyverns
  A water moccasin (D:11)
  2 sky beasts
  4 orc warriors
  A black bear (D:9)
  2 ice beasts
  2 phantoms
  An ogre (D:8)
  2 centaurs (D:9)
  A necrophage (D:9)
  A crocodile (D:10)
  6 bullfrogs
  Blork the orc (D:4)
  A gnoll sergeant (D:11)
  A water moccasin zombie (D:8)
  A wyvern skeleton (D:6)
  5 scorpions
  4 howler monkeys
  6 crimson imps
  A quasit (D:9)
  3 hounds
  A bullfrog zombie (D:6)
  2 jellies
  2 bullfrog skeletons
  7 orc priests
  6 orc wizards
  A centaur skeleton (D:6)
  2 iguanas
  5 worker ants
  2 hound skeletons
  A howler monkey zombie (D:5)
  8 adders
  17 gnolls
  3 howler monkey skeletons
  2 shadow imps
  A dart slug (D:1)
  6 leopard geckos
  48 orcs
  A ball python (D:6)
  7 bats
  7 giant cockroaches
  2 hobgoblins (D:3)
  11 jackals
  3 kobolds
  5 quokkas
  A frilled lizard (D:2)
  4 goblins
  2 leopard gecko skeletons
  4 rats
227 creatures vanquished.

Notes
Turn   | Place    | Note
-------+----------+-------------------------------------------
     0 | D:1      | zhovat1 the Minotaur Fighter began the quest for the Orb.
     0 | D:1      | Reached XP level 1. HP: 19/19 MP: 0/0
   424 | D:1      | Reached XP level 2. HP: 27/27 MP: 1/1
   650 | D:1      | Gained mutation: You tend to lose your temper in combat.
                  | [potion of mutation]
   650 | D:1      | Gained mutation: You often lose your temper in combat.
                  | [potion of mutation]
   650 | D:1      | Gained mutation: You have large cloven feet. [potion of
                  | mutation]
   650 | D:1      | Gained mutation: You are partially covered in yellow
                  | scales. (AC +2) [potion of mutation]
   799 | D:2      | Found a white marble altar of Elyvilon.
  1172 | D:2      | Reached skill level 3 in Maces & Flails
  1172 | D:2      | Reached skill level 1 in Dodging
  1172 | D:2      | Reached skill level 1 in Unarmed Combat
  1172 | D:2      | Reached XP level 3. HP: 14/33 MP: 2/2
  1959 | D:3      | Found an iron altar of Okawaru.
  1984 | D:3      | Became a worshipper of Warmaster Okawaru
  2018 | D:3      | Reached XP level 4. HP: 40/40 MP: 3/3
  2045 | D:3      | Noticed a bullfrog
  2053 | D:3      | Killed a bullfrog
  2054 | D:3      | Reached XP level 5. HP: 31/46 MP: 4/4
  2076 | D:3      | Reached skill level 4 in Maces & Flails
  2076 | D:3      | Reached skill level 1 in Evocations
  2911 | D:3      | Found an ornate altar of the Wu Jian Council.
  3398 | D:4      | Reached XP level 6. HP: 53/53 MP: 5/5
  3434 | D:4      | Found a bloodstained altar of Trog.
  3441 | D:4      | Reached * piety under Okawaru
  3719 | D:4      | Noticed Eustachio
  3750 | D:4      | Reached skill level 5 in Maces & Flails
  3755 | D:4      | Killed Eustachio
  3755 | D:4      | Reached XP level 7. HP: 36/60 MP: 7/7
  3760 | D:4      | Reached ** piety under Okawaru
  3943 | D:4      | Found a roughly hewn altar of Beogh.
  3947 | D:4      | Reached skill level 5 in Shields
  4169 | D:4      | Reached skill level 5 in Fighting
  4420 | D:4      | Noticed Blork the orc
  4432 | D:4      | Killed Blork the orc
  4432 | D:4      | Reached skill level 5 in Armour
  4540 | D:4      | Reached skill level 6 in Maces & Flails
  4656 | D:5      | Entered Level 5 of the Dungeon
  4681 | D:5      | Found Fezyez's Gadget Shoppe.
  4699 | D:5      | Found Zaupeok's Magic Scroll Shop.
  4718 | D:5      | Found Ciloh's Distillery.
  4847 | D:5      | Bought a scroll of brand weapon for 240 gold pieces
  4849 | D:5      | Identified a scroll of acquirement
  4850 | D:5      | Got a polished hat
  4856 | D:5      | Identified the -4 hat "Yzixkith" {MP+9} (You acquired it on
                  | level 5 of the Dungeon)
  4969 | D:5      | Got a translucent leather armour
  4980 | D:5      | Identified the +3 leather armour of Integrity {rC+} (You
                  | found it on level 5 of the Dungeon)
  5001 | D:5      | Found Atedgh's Antique Armour Emporium.
  5007 | D:5      | Reached XP level 8. HP: 65/68 MP: 8/8
  5010 | D:5      | Found Falen's Antique Weapon Shoppe.
  5061 | D:5      | Found a sacrificial altar of Ru.
  5061 | D:5      | Found a burning altar of Makhleb.
  5062 | D:5      | Found a sparkling altar of Nemelex Xobeh.
  5111 | D:5      | Reached skill level 1 in Invocations
  5137 | D:5      | Reached *** piety under Okawaru
  5523 | D:6      | Reached skill level 7 in Maces & Flails
  5556 | D:6      | Found a hazy altar of Hepliaklqana.
  5689 | D:6      | Found a staircase to the Ecumenical Temple.
  5791 | D:6      | Reached XP level 9. HP: 59/75 MP: 10/10
  6114 | D:7      | Reached **** piety under Okawaru
  6185 | D:7      | Reached skill level 8 in Maces & Flails
  6340 | D:7      | Found a flagged portal.
  7054 | D:8      | Noticed Erica
  7058 | D:8      | Noticed Maurice
  7071 | D:8      | Killed Erica
  7071 | D:8      | Reached skill level 5 in Dodging
  7075 | D:8      | Killed Maurice
  7075 | D:8      | Reached skill level 9 in Maces & Flails
  7083 | D:8      | Reached XP level 10. HP: 15/86 MP: 12/12
  7085 | D:8      | Reached ***** piety under Okawaru
  7555 | D:8      | Noticed Psyche
  7564 | D:8      | Killed Psyche
  8024 | D:9      | Noticed Harold
  8037 | D:9      | Killed Harold
  8318 | D:9      | Reached skill level 10 in Maces & Flails
  8332 | D:9      | Noticed Prince Ribbit
  8340 | D:9      | Killed Prince Ribbit
  8512 | D:9      | Reached skill level 5 in Evocations
  8594 | D:9      | Noticed a two-headed ogre
  8601 | D:9      | Killed a two-headed ogre
  8674 | D:9      | Reached XP level 11. HP: 94/94 MP: 13/13
  8791 | D:9      | Found Cesh's Armour Shoppe.
  8907 | D:10     | Entered Level 10 of the Dungeon
  8914 | D:10     | Reached ****** piety under Okawaru
  9015 | D:10     | Reached skill level 5 in Invocations
  9136 | D:10     | Found a staircase to the Orcish Mines.
  9619 | D:11     | Noticed a brown ugly thing
  9628 | D:11     | Killed a brown ugly thing
  9651 | D:11     | Noticed an eight-headed hydra
  9661 | D:11     | Slain by an eight-headed hydra

Skill      XL: |  1  2  3  4  5  6  7  8  9 10 11 |
---------------+----------------------------------+-----
Maces & Flails | 3 4 5 6 7 9 10 | 10.9
Dodging        | 1 2 3 4 5 6 |  6.6
Unarmed Combat | 1 2 3 |  3.0
Shields        | 4 5 6 7 8 |  8.4
Fighting       | 4 5 6 7 8 |  8.3
Armour         | 4 5 6 7 8 |  8.3
Evocations     | 1 2 3 4 5 |  5.3
Invocations    | 2 3 4 5 |  5.2

Action                   |  1- 3 |  4- 6 |  7- 9 | 10-12 || total
-------------------------+-------+-------+-------+-------++-------
Melee: Flail             |    59 |   123 |    23 |       ||   205
       Headbutt          |     7 |    26 |    42 |    40 ||   115
       Kick              |    11 |    35 |    66 |    59 ||   171
       Mace              |       |       |   230 |   198 ||   428
  Use: Scroll            |     8 |     1 |     6 |     7 ||    22
       Potion            |     1 |     3 |     5 |     1 ||    10
 Stab: Held in net/web   |       |       |       |     1 ||     1
  Eat: Chunk             |     3 |     6 |    11 |     7 ||    27
Armor: Scale mail        |     7 |       |       |       ||     7
       Ring mail         |    17 |    61 |    70 |    61 ||   209
Dodge: Dodged            |    22 |    54 |    83 |    68 ||   227
Block: Shield            |    45 |    84 |   148 |   145 ||   422
       Reflection        |       |       |     2 |     4 ||     6
